SL
MONTGOMERY BISCUITS @ BIRMINGHAM BARONS
04/21/2099
 
TOP OF THE 1ST
Montgomery Biscuits batting - Pitching for Birmingham Barons : RHP Landon Clair
Pitching: RHP Landon Clair
Batting: RHB Melvin Casasola 0-0: Called Strike
0-1: DOUBLE (Groundball, 5L, EV 107.5 MPH)
Batting: RHB Bobby Williams 0-0: SINGLE (Line Drive, 4D, EV 107.5 MPH)
Melvin Casasola to third
Batting: LHB Matt Flagg 0-0: Ball
1-0: Called Strike
1-1: Called Strike
1-2: Foul Ball, location: 7LDF
1-2: Ball
2-2: Strikes out swinging
Batting: LHB Xavier Longoria 0-0: Called Strike
0-1: Ball
Bobby Williams steals 2nd base
1-1: Ball
2-1: Called Strike
2-2: Ball
3-2: Ground out U3 (Groundball, 34S, EV 86.9 MPH)
Melvin Casasola scores
Bobby Williams to third
Batting: RHB Alex Soto 0-0: Fly out, F7 (Line Drive, 7S, EV 96.3 MPH)
Top of the 1st over - 1 run, 2 hits, 0 errors, 1 left on base; Montgomery 1 - Birmingham 0
BOTTOM OF THE 1ST
Birmingham Barons batting - Pitching for Montgomery Biscuits : LHP Justin Vogel
Pitching: LHP Justin Vogel
Batting: SHB Milt Gomez 0-0: Called Strike
0-1: Ball
1-1: DOUBLE (Line Drive, 78M, EV 100.0 MPH)
Batting: RHB Antonio Herrera 0-0: Ground out 6-3 (Groundball, 6, EV 88.1 MPH)
Batting: RHB Justin McWilliams 0-0: Ball
1-0: Ball
2-0: Foul Ball, location: 5DF
2-1: SINGLE (Groundball, 56S, EV 71.3 MPH) (infield hit)
Milt Gomez to third
Batting: RHB Joel Bailey 0-0: 3-RUN HOME RUN (Flyball, 78XD, EV 99.4 MPH), Distance : 403 ft
Batting: RHB Jose Delgado 0-0: Ball
1-0: Foul Ball, location: 9LDF
1-1: Ball
2-1: TRIPLE (Groundball, 3L, EV 105.0 MPH)
Batting: LHB Everett Vine 0-0: Ball
1-0: Ball
2-0: Ground out U3 (Groundball, 3, EV 101.9 MPH)
Batting: RHB Matt Schmidl 0-0: Ball
1-0: Foul Ball, location: 2F
1-1: Called Strike
1-2: Strikes out swinging
Bottom of the 1st over - 3 runs, 4 hits, 0 errors, 1 left on base; Montgomery 1 - Birmingham 3
TOP OF THE 2ND
Montgomery Biscuits batting - Pitching for Birmingham Barons : RHP Landon Clair
Batting: RHB Jose Cobian 0-0: SINGLE (Groundball, 6MD, EV 109.4 MPH)
Batting: LHB Joe Carter 0-0: Ball
1-0: Ball
2-0: Swinging Strike
2-1: Foul Ball, location: 2F
2-2: Foul Ball, location: 2F
2-2: Strikes out swinging
Batting: RHB Jason William 0-0: Ball
1-0: Called Strike
1-1: Ball
2-1: Ball
3-1: Foul Ball, location: 5DF
3-2: Base on Balls
Jose Cobian to second
Batting: SHB Will MacKenna 0-0: Called Strike
0-1: Ball
1-1: Foul Ball, location: 7LMF
1-2: Foul Ball, location: 2F
1-2: Foul Ball, location: 3F
1-2: Ball
2-2: Strikes out looking
Batting: RHB Melvin Casasola 0-0: Ball
1-0: Ball
2-0: Ball
3-0: Called Strike
3-1: Foul Ball, location: 7LDF
3-2: SINGLE (Groundball, 34D, EV 95.0 MPH)
Jose Cobian to third
Jason William to second
Jose Cobian scores
Jason William to third
Batting: RHB Bobby Williams 0-0: Ball
1-0: Swinging Strike
1-1: Called Strike
1-2: Foul Ball, location: 2F
1-2: Ball
2-2: Strikes out swinging
Top of the 2nd over - 1 run, 2 hits, 0 errors, 2 left on base; Montgomery 2 - Birmingham 3
BOTTOM OF THE 2ND
Birmingham Barons batting - Pitching for Montgomery Biscuits : LHP Justin Vogel
Batting: LHB Greg Petersen 0-0: Ground out 3-1 (Groundball, 34, EV 79.4 MPH)
Batting: RHB Won-ho Nham 0-0: Foul Ball, location: 5SF
0-1: Ball
1-1: Fly out, F8 (Flyball, 8RS, EV 90.0 MPH)
Batting: SHB Milt Gomez 0-0: Ball
1-0: Ball
2-0: SINGLE (Line Drive, 56D, EV 108.1 MPH)
Batting: RHB Antonio Herrera 0-0: Called Strike
0-1: Ball
1-1: Ball
2-1: Foul Ball, location: 2F
2-2: Ground out 6-3 (Groundball, 6S, EV 80.0 MPH)
Bottom of the 2nd over - 0 runs, 1 hit, 0 errors, 1 left on base; Montgomery 2 - Birmingham 3
TOP OF THE 3RD
Montgomery Biscuits batting - Pitching for Birmingham Barons : RHP Landon Clair
Batting: LHB Matt Flagg 0-0: Ball
1-0: SOLO HOME RUN (Flyball, 89XD, EV 106.3 MPH), Distance : 407 ft
Batting: LHB Xavier Longoria 0-0: DOUBLE (Line Drive, 3D, EV 98.1 MPH)
Batting: RHB Alex Soto 0-0: Called Strike
0-1: Ball
1-1: SINGLE (Groundball, 6MD, EV 113.1 MPH)
Xavier Longoria to third
Batting: RHB Jose Cobian 0-0: Ball
1-0: Called Strike
1-1: Foul Ball, location: 3F
1-2: Grounds into double play, 4-6-3 (Groundball, 4, EV 84.4 MPH)
Batting: LHB Joe Carter 0-0: Foul Ball, location: 9LMF
0-1: Swinging Strike
0-2: Ball
1-2: Strikes out swinging
Top of the 3rd over - 1 run, 3 hits, 0 errors, 1 left on base; Montgomery 3 - Birmingham 3
BOTTOM OF THE 3RD
Birmingham Barons batting - Pitching for Montgomery Biscuits : LHP Justin Vogel
Batting: RHB Justin McWilliams 0-0: Ball
1-0: Ball
2-0: Called Strike
2-1: Swinging Strike
2-2: Ball
3-2: Foul Ball, location: 3F
3-2: Base on Balls
Batting: RHB Joel Bailey 0-0: Fly out, F4 (Popup, 4MD, EV 50.6 MPH)
Batting: RHB Jose Delgado 0-0: Ball
1-0: Called Strike
1-1: Ball
2-1: Fly out, F7 (Flyball, 7, EV 76.9 MPH)
Batting: LHB Everett Vine 0-0: Foul Ball, location: 2F
0-1: Foul Ball, location: 2F
0-2: Ball
1-2: Ball
2-2: Strikes out swinging
Bottom of the 3rd over - 0 runs, 0 hits, 0 errors, 1 left on base; Montgomery 3 - Birmingham 3
TOP OF THE 4TH
Montgomery Biscuits batting - Pitching for Birmingham Barons : RHP Landon Clair
Batting: RHB Jason William 0-0: Fly out, F3 (Line Drive, 3L, EV 71.9 MPH)
Batting: SHB Will MacKenna 0-0: Ball
1-0: Ground out 6-3 (Groundball, 6S, EV 64.4 MPH)
Batting: RHB Melvin Casasola 0-0: Called Strike
0-1: DOUBLE (Flyball, 89XD, EV 109.4 MPH)
Batting: RHB Bobby Williams 0-0: Ball
1-0: Called Strike
1-1: Fly out, F8 (Line Drive, 89D, EV 87.5 MPH)
Top of the 4th over - 0 runs, 1 hit, 0 errors, 1 left on base; Montgomery 3 - Birmingham 3
BOTTOM OF THE 4TH
Birmingham Barons batting - Pitching for Montgomery Biscuits : LHP Justin Vogel
Batting: RHB Matt Schmidl 0-0: Ball
1-0: Ball
2-0: Bunt for hit to 15 - play at first, batter OUT! 1-3
Batting: LHB Greg Petersen 0-0: Ground out 1-3 (Groundball, 13S, EV 68.1 MPH)
Batting: RHB Won-ho Nham 0-0: Called Strike
0-1: Foul Ball, location: 2RF
0-2: Ground out 6-3 (Groundball, 6, EV 87.5 MPH)
Bottom of the 4th over - 0 runs, 0 hits, 0 errors, 0 left on base; Montgomery 3 - Birmingham 3
TOP OF THE 5TH
Montgomery Biscuits batting - Pitching for Birmingham Barons : RHP Landon Clair
Batting: LHB Matt Flagg 0-0: Ball
1-0: Called Strike
1-1: Foul Ball, location: 3FF
1-2: Strikes out looking
Batting: LHB Xavier Longoria 0-0: Swinging Strike
0-1: Ball
1-1: Ball
2-1: Foul Ball, location: 25F
2-2: Strikes out swinging
Batting: RHB Alex Soto 0-0: Swinging Strike
0-1: Called Strike
0-2: SINGLE (Line Drive, 6MD, EV 97.5 MPH)
Batting: RHB Jose Cobian 0-0: Foul Ball, location: 2F
0-1: Foul Ball, location: 5F
0-2: Strikes out swinging
Top of the 5th over - 0 runs, 1 hit, 0 errors, 1 left on base; Montgomery 3 - Birmingham 3
BOTTOM OF THE 5TH
Birmingham Barons batting - Pitching for Montgomery Biscuits : LHP Justin Vogel
Batting: SHB Milt Gomez 0-0: Ball
1-0: Ball
2-0: Ball
3-0: Called Strike
3-1: Foul Ball, location: 9LSF
3-2: Foul Ball, location: 2F
3-2: Foul Ball, location: 2F
3-2: SINGLE (Line Drive, 7LS, EV 85.0 MPH)
Batting: RHB Antonio Herrera 0-0: Ball
1-0: Ball
2-0: Swinging Strike
2-1: Swinging Strike
2-2: Strikes out swinging
Batting: RHB Justin McWilliams 0-0: Called Strike
0-1: Ball
1-1: Reached on error, E5 (Groundball, 56S, EV 75.6 MPH)
Milt Gomez to third
Batting: RHB Joel Bailey 0-0: Ball
1-0: Foul Ball, location: 2F
1-1: SINGLE (Groundball, 15, EV 85.6 MPH) (infield hit)
Milt Gomez scores
Justin McWilliams to third
Batting: RHB Jose Delgado 0-0: Called Strike
0-1: Ball
1-1: Fielders Choice at 2nd, 2-6 (Groundball, 13S, EV 76.3 MPH)
Batting: LHB Everett Vine 0-0: Ball
1-0: Ball
2-0: Called Strike
2-1: Ball
3-1: Called Strike
3-2: Ground out 4-3 (Groundball, 4, EV 80.6 MPH)
Bottom of the 5th over - 1 run, 2 hits, 1 error, 2 left on base; Montgomery 3 - Birmingham 4
TOP OF THE 6TH
Montgomery Biscuits batting - Pitching for Birmingham Barons : RHP Landon Clair
Batting: LHB Joe Carter 0-0: Ball
1-0: Ball
2-0: SINGLE (Line Drive, 8LS, EV 98.1 MPH)
Batting: RHB Jason William 0-0: Bunted foul
0-1: Ground out 5-3 (Groundball, 56S, EV 77.5 MPH)
Joe Carter to second
Batting: SHB Will MacKenna 0-0: Called Strike
0-1: Ball
1-1: Ball
2-1: Fly out, F9 (Line Drive, 89M, EV 105.6 MPH)
Batting: RHB Melvin Casasola 0-0: Swinging Strike
0-1: Ball
1-1: Ball
2-1: Foul Ball, location: 2F
2-2: Foul Ball, location: 23FF
2-2: Foul Ball, location: 3SF
2-2: Fly out, F8 (Line Drive, 8RM, EV 84.4 MPH)
Top of the 6th over - 0 runs, 1 hit, 0 errors, 1 left on base; Montgomery 3 - Birmingham 4
BOTTOM OF THE 6TH
Birmingham Barons batting - Pitching for Montgomery Biscuits : LHP Justin Vogel
Batting: RHB Matt Schmidl 0-0: Swinging Strike
0-1: Ball
1-1: Ball
2-1: Fly out, F8 (Line Drive, 78D, EV 88.1 MPH)
Batting: LHB Greg Petersen 0-0: Called Strike
0-1: Foul Ball, location: 2F
0-2: Foul Ball, location: 2F
0-2: Ball
1-2: Strikes out swinging
Batting: RHB Won-ho Nham 0-0: Called Strike
0-1: Foul Ball, location: 3SF
0-2: Ball
1-2: Foul Ball, location: 7LMF
1-2: Foul Ball, location: 5F
1-2: Foul Ball, location: 2F
1-2: Ball
2-2: Ball
3-2: DOUBLE (Flyball, 8RXD, EV 102.5 MPH)
Batting: SHB Milt Gomez 0-0: Foul Ball, location: 9LDF
0-1: Foul Ball, location: 2F
0-2: Ball
1-2: Foul Ball, location: 2F
1-2: Fly out, F7 (Flyball, 7, EV 93.1 MPH)
Bottom of the 6th over - 0 runs, 1 hit, 0 errors, 1 left on base; Montgomery 3 - Birmingham 4
TOP OF THE 7TH
Montgomery Biscuits batting - Pitching for Birmingham Barons : RHP Landon Clair
Pitching: LHP Carlos Castro
Now in LF: Zachary Johnson
Now in RF: Antonio Herrera
Batting: RHB Bobby Williams 0-0: Ball
1-0: Ball
2-0: Ball
3-0: Fly out, F8 (Line Drive, 8RM, EV 95.6 MPH)
Batting: LHB Matt Flagg 0-0: Ball
1-0: Fly out, F8 (Flyball, 8LM, EV 89.4 MPH)
Batting: LHB Xavier Longoria 0-0: Ball
1-0: Foul Ball, location: 7LSF
1-1: Hit by Pitch
Batting: RHB Alex Soto 0-0: Ball
1-0: Called Strike
1-1: Swinging Strike
1-2: Ball
2-2: Strikes out swinging
Top of the 7th over - 0 runs, 0 hits, 0 errors, 1 left on base; Montgomery 3 - Birmingham 4
BOTTOM OF THE 7TH
Birmingham Barons batting - Pitching for Montgomery Biscuits : LHP Justin Vogel
Batting: RHB Antonio Herrera 0-0: Fly out, F9 (Flyball, 9, EV 86.9 MPH)
Batting: RHB Justin McWilliams 0-0: Called Strike
0-1: Ball
1-1: Foul Ball, location: 25F
1-2: Ball
2-2: SINGLE (Flyball, 8RS, EV 98.1 MPH)
Pitching: LHP Milos Jovovich
Batting: RHB Joel Bailey 0-0: Called Strike
0-1: Foul Ball, location: 7LSF
0-2: Ball
1-2: Strikes out swinging
Batting: RHB Jose Delgado 0-0: Foul Ball, location: 2F
0-1: Foul Ball, location: 9LSF
0-2: Ball
1-2: Foul Ball, location: 2F
1-2: Ball
2-2: Ball
3-2: Strikes out swinging
Bottom of the 7th over - 0 runs, 1 hit, 0 errors, 1 left on base; Montgomery 3 - Birmingham 4
TOP OF THE 8TH
Montgomery Biscuits batting - Pitching for Birmingham Barons : LHP Carlos Castro
Pitching: RHP Josh Ambro
Batting: RHB Jose Cobian 0-0: Called Strike
0-1: Foul Ball, location: 3F
0-2: Ball
1-2: Strikes out swinging
Batting: LHB Joe Carter 0-0: Ball
1-0: SINGLE (Groundball, 6MD, EV 93.8 MPH)
Batting: RHB Jason William 0-0: Ball
1-0: Ball
2-0: SINGLE (Groundball, 4MD, EV 110.0 MPH)
Joe Carter to second
Runner from 2nd tries for 3rd, SAFE, throw by CF made to third
Batting: SHB Will MacKenna 0-0: Called Strike
0-1: Ball
1-1: Ball
2-1: Called Strike
2-2: Foul Ball, location: 2F
2-2: Strikes out looking
Batting: RHB Melvin Casasola 0-0: Ball
1-0: Swinging Strike
1-1: Foul Ball, location: 2F
1-2: Strikes out swinging
Top of the 8th over - 0 runs, 2 hits, 0 errors, 2 left on base; Montgomery 3 - Birmingham 4
BOTTOM OF THE 8TH
Birmingham Barons batting - Pitching for Montgomery Biscuits : LHP Milos Jovovich
Pitching: RHP Jay Wells
Batting: RHB Zachary Johnson 0-0: Foul Ball, location: 2F
0-1: Swinging Strike
0-2: Ball
1-2: Hit by Pitch
Batting: RHB Matt Schmidl 0-0: Called Strike
0-1: Swinging Strike
0-2: Ball
1-2: Foul Ball, location: 9LMF
1-2: Foul Ball, location: 7LSFF
1-2: Ball
2-2: Ball
3-2: Strikes out swinging
Batting: LHB Greg Petersen 0-0: Called Strike
0-1: Swinging Strike
Zachary Johnson is caught stealing 2nd base 2-6
0-2: Ball
1-2: Strikes out swinging
Bottom of the 8th over - 0 runs, 0 hits, 0 errors, 0 left on base; Montgomery 3 - Birmingham 4
TOP OF THE 9TH
Montgomery Biscuits batting - Pitching for Birmingham Barons : RHP Josh Ambro
Batting: RHB Bobby Williams 0-0: Called Strike
0-1: Ball
1-1: Ball
2-1: Foul Ball, location: 5FF
2-2: Foul Ball, location: 2F
2-2: Ball
3-2: Strikes out looking
Batting: LHB Matt Flagg 0-0: Swinging Strike
0-1: Ball
1-1: Ball
2-1: Ball
3-1: Swinging Strike
3-2: Base on Balls
Batting: LHB Xavier Longoria 0-0: Ball
1-0: Ball
2-0: Grounds into double play, 4-6-3 (Groundball, 34, EV 84.4 MPH)
Top of the 9th over - 0 runs, 0 hits, 0 errors, 0 left on base; Montgomery 3 - Birmingham 4
Saturday, May 4th , 2024 - OOTP Baseball 24.11 Build 85